AoeStats
← †Conan-Barbarian†

Arena

504436980Analyzed
1v1 RM · 26d ago on Sep 5, 2026· 36m 24s· 2 players
Game mode
Random Map
Map size
Tiny (2 player)
Population
200
Speed
Normal
Resources
Standard
Victory
Conquest
Starting age
Dark Age
Ending age
Imperial Age
RankedLock teamsTeams togetherTeam positionsShared explorationLock speedFull tech treeHidden civsTurbo modeCheats
Victory
Defeat
🇭🇺 Britons · Hungary
1395
+13
🇺🇦 Magyars · Ukraine
1329
-13
koole
10:14 Feudal Age
15:41 Castle Age
14:12 Double-Bit Axe
14:24 Horse Collar
16:49 Bow Saw
17:07 Heavy Plow
19:39 Loom
20:30 Wheelbarrow
22:13 Town Watch
25:51 Stone Mining
25:52 Gold Mining
28:51 Imperial Age
26:30 Fletching
27:04 Padded Archer Armor
26:52 Crossbowman
27:41 Bodkin Arrow
29:19 Leather Archer Armor
29:45 Ballistics
29:44 Bracer
30:12 Hand Cart
31:27 Chemistry
31:05 Arbalester
33:27 Ring Archer Armor
33:07 Siege Engineers
33:21 Forging
33:39 Conscription
34:09 Husbandry
34:06 Cavalier
35:06 Scale Barding Armor
35:19 Warwolf
37:01 Yeomen
37:37 Iron Casting
†Conan-Barbarian†
10:28 Feudal Age
10:32 Feudal Age
12:55 Wheelbarrow
12:05 Loom
12:12 Double-Bit Axe
16:56 Castle Age
15:40 Horse Collar
17:46 Heavy Plow
17:57 Bow Saw
31:15 Imperial Age
28:33 Town Watch
29:30 Fletching
29:40 Padded Archer Armor
30:55 Corvinian Army
31:13 Hand Cart
31:16 Leather Archer Armor
31:33 Bodkin Arrow
31:57 Town Patrol
32:22 Ballistics
32:53 Conscription
32:46 Elite Skirmisher
33:51 Scale Barding Armor
34:30 Recurve Bow
35:16 Chain Barding Armor
35:26 Bracer
35:57 Thumb Ring
Connection lost

Rejoining the realm…

Still unreachable

The connection could not be restored.

Session expired

The server has moved on; the page needs a fresh start.